 Dungeon Crawl Stone Soup version 0.31.0-32-g396128a36d (webtiles) character file.

Game seed: 5741096679351633367

3343 Cheops the Mimic (level 10, -1/69 HPs)
             Began as an Octopode Shapeshifter on Mar 19, 2024.
             Was a Believer of Wu Jian.
             Slain by a basilisk (3 damage)
             ... while petrified by a basilisk
             ... on level 8 of the Dungeon.
             The game lasted 00:20:35 (7026 turns).

Cheops the Mimic (Octopode Shapeshifter)            Turns: 7026, Time: 00:20:36

Health: -1/69      AC:  9    Str: 22    XL:     10   Next: 2%
Magic:  0/19       EV:  1    Int: 13    God:    Wu Jian [**....]
Gold:   202        SH:  0    Dex: 12    Spells: 9/9 levels left

rFire   . .          .
                       - Unarmed
rCold   . . .        (shield currently unavailable)
rNeg    + + +        (helmet currently unavailable)
rPois   ∞            k - amulet of guardian spirit
rElec   .            d - ring of see invisible
rCorr   .            g - ring of magical power
SInv    +            (no ring)
Will    .....        (no ring)
Stlth   +            (no ring)
HPRegen 0.31/turn    (no ring)
MPRegen 0.16/turn    (no ring)
                     (no ring)

%: guardian spirit
@: snake-form, petrified
A: constrict, boosted hp, almost no armour, amphibious, 8 rings, large,
(camouflage 1), (gelatinous body 1), (nimble swimmer 1), (tentacles)
a: Begin Untransformation, Renounce Religion, Wall Jump


You were on level 8 of the Dungeon.
You worshipped Wu Jian.
Wu Jian was pleased with you.
You were an enormous serpent.
You visited 2 branches of the dungeon, and saw 9 of its levels.

You collected 565 gold pieces.
You spent 363 gold pieces at shops.

Inventory:

Jewellery
 d - a ring of see invisible (left tentacle)
 e - an amulet of faith
 g - a ring of magical power (right tentacle)
 k - an amulet of guardian spirit (around neck)
Talismans
 b - a beast talisman
 c - a flux talisman
 t - a serpent talisman (active)
Wands
 v - a wand of paralysis (7)
Scrolls
 f - 4 scrolls of vulnerability {unknown}
 h - a scroll of enchant weapon {unknown}
 l - 7 scrolls of fog
 m - 3 scrolls of amnesia {unknown}
 n - a scroll of poison
 q - 2 scrolls of teleportation
 r - 2 scrolls of revelation
 x - a scroll of identify
 y - 2 scrolls of brand weapon {unknown}
 z - 2 scrolls of immolation {unknown}
 A - 2 scrolls of blinking
 B - a scroll of fear
Potions
 a - 2 potions of lignification
 i - a potion of mutation
 j - a potion of invisibility
 o - 2 potions of curing
 p - a potion of enlightenment
 s - 2 potions of might
 u - a potion of brilliance
 w - a potion of cancellation


   Skills:
 - Level 1.0 Fighting
 - Level 2.0 Dodging
 + Level 9.8 Unarmed Combat
 - Level 10.0 Shapeshifting


You had 9 spell levels left.
You didn't know any spells.
Your spell library contained the following spells:

 Spells                   Type           Power      Damage    Failure   Level
 Call Imp                 Summ           0%         N/A       43%         2
 Cigotuvi's Dreadful Rot  Necr/Alch/Air  0%         N/A       43%         2
 Jinxbite                 Hex            0%         N/A       43%         2
 Mercury Vapours          Alch/Air       0%         N/A       43%         2
 Sublimation of Blood     Necr           0%         N/A       43%         2
 Mephitic Cloud           Conj/Alch/Air  0%         N/A       67%         3
 Dispel Undead            Necr           0%         3d6       97%         4
 Martyr's Knell           Necr/Summ      0%         N/A       97%         4
 Freezing Cloud           Conj/Ice/Air   0%         6-21      100%        5
 Yara's Violent Unravell  Hex/Alch       0%         3d3       100%        5
 Death Channel            Necr           0%         N/A       100%        6
 Enfeeble                 Hex            0%         N/A       100%        7
 Summon Hydra             Summ           0%         N/A       100%        7


Dungeon Overview and Level Annotations

Branches:
Dungeon (8/15)             Temple (1/1) D:4            Lair (0/5) D:8

Altars:
Ashenzari
Cheibriados
Dithmenos
Elyvilon
Fedhas
Hepliaklqana
Kikubaaqudgha
Makhleb
Nemelex Xobeh
Qazlal
Ru
Sif Muna
Trog
Uskayaw
Vehumet
Wu Jian
Xom
Yredelemnul
Zin
The Shining One

Shops:
D:6 ?

Annotations:
D:6 3 runed translucent doors, tymior's ghost, novice MfEn


Innate Abilities, Weirdness & Mutations

You are an enormous serpent.
You have a powerful constriction melee attack.
Your maximum health is increased.
Your armour is entirely melded.
You are incapable of wielding weapons or throwing items.
You cannot wear most types of armour.
You are amphibious.
You can wear up to eight rings at the same time.
((Your skin changes colour to match your surroundings (Stealth+).))
((Your rubbery body absorbs attacks. (AC +1, EV +1)))
((You are camouflaged when in or above water. (Stealth+)))
((You have tentacles for arms and can constrict up to eight enemies at once.))


Message History

* * * LOW HITPOINT WARNING * * *
You stumble backwards!
You hit the elephant but do no damage.
The elephant is heavily wounded.
The elephant barely misses you. The elephant trunk-slaps you.
* * * LOW HITPOINT WARNING * * *
You body-slam the elephant!!
The elephant is almost dead.
The elephant tramples you!
* * * LOW HITPOINT WARNING * * *
You stumble backwards!
You hit the elephant.
The elephant is almost dead.
You hit the elephant.
The elephant is almost dead.
The elephant tramples you!
* * * LOW HITPOINT WARNING * * *
You stumble backwards!
You hit the elephant.
You kill the elephant!
The Council accepts your kill. The basilisk gazes at you.
You are slowing down.
You have reached level 10!
You feel agile.
Unknown command.
Unknown command.
Unknown command.
Unknown command.
You lunge at the basilisk.
You completely miss the basilisk. You grab the basilisk.
The basilisk is moderately wounded.
You constrict the basilisk.
The basilisk hisses menacingly.
The basilisk bites you!
* * * LOW HITPOINT WARNING * * *
The basilisk gazes at you.
Your limbs have turned to stone.
You have turned to stone.
You constrict the basilisk. The basilisk bites you!
You die...

#..####.....#
.###
#.....#.....#
#
#.....'.#####
#######.# #.#
#.# #.# #l#
#######S#
........+
........#
........#
........#
........#
.....####
..... .....


You could see a basilisk.

Vanquished Creatures
  An elephant (D:8)
  A hornet (D:7)
  A troll (D:7)
  A wyvern (D:8)
  Eustachio (D:6)
  Duvessa (D:5)
  A black bear (D:8)
  4 sky beasts (D:7)
  2 ice beasts
  2 ogres
  2 centaurs
  2 kobold brigands
  A phantom (D:5)
  2 scorpions (D:5)
  A gnoll sergeant (D:7)
  Dowan (D:5)
  A howler monkey (D:7)
  An orc priest (D:6)
  A bombardier beetle (D:5)
  4 hounds (D:6)
  A jelly (D:4)
  A sleepcap (D:5)
  A gnoll bouda (D:5)
  4 iguanas
  4 orc wizards
  10 gnolls
  6 adders
  2 shadow imps (D:6)
  A white imp (D:3)
  2 ufetubi (D:7)
  3 dart slugs (D:2)
  A ribbon worm (D:2)
  20 orcs
  4 ball pythons
  4 endoplasms
  6 goblins
  5 hobgoblins
  4 quokkas
  7 bats
  9 frilled lizards
  16 kobolds
  6 rats
148 creatures vanquished.

Vanquished Creatures (others)
  A butterfly (D:7)
1 creature vanquished.

Grand Total: 149 creatures vanquished

Notes
Turn   | Place    | Note
-------+----------+-------------------------------------------
     0 | D:1      | Cheops the Octopode Shapeshifter began the quest for the
                  | Orb.
     0 | D:1      | Reached XP level 1. HP: 13/13 MP: 1/1
   156 | D:1      | Reached XP level 2. HP: 18/18 MP: 2/2
   494 | D:1      | Reached XP level 3. HP: 23/23 MP: 3/3
  1059 | D:2      | Noticed an ogre
  1102 | D:2      | Reached XP level 4. HP: 27/28 MP: 4/4
  1157 | D:2      | You fall into a shaft and drop 1 floor!
  1468 | D:2      | Found a faded altar of an unknown god.
  1871 | D:3      | Reached skill level 5 in Unarmed Combat
  1918 | D:3      | Found a basalt altar of Yredelemnul.
  2136 | D:4      | Found a staircase to the Ecumenical Temple.
  2137 | D:4      | Noticed an ogre
  2293 | D:4      | Found a sacrificial altar of Ru.
  2327 | D:4      | Reached skill level 4 in Shapeshifting
  2327 | D:4      | Reached XP level 5. HP: 30/33 MP: 5/5
  2429 | D:4      | Noticed a kobold brigand
  2437 | D:4      | Killed a kobold brigand
  2660 | D:4      | Reached XP level 6. HP: 38/38 MP: 6/6
  2667 | D:4      | Reached skill level 5 in Shapeshifting
  2920 | D:4      | Identified the +5 whip of Contention {freeze, rCorr Int+6
                  | SInv}
  3206 | Temple   | Entered the Ecumenical Temple
  3211 | Temple   | Became a worshipper of the Wu Jian Council
  3304 | D:2      | Reached skill level 6 in Shapeshifting
  3304 | D:2      | Reached XP level 7. HP: 20/43 MP: 7/7
  3444 | D:5      | Entered Level 5 of the Dungeon
  3547 | D:5      | Noticed Duvessa
  3547 | D:5      | Noticed Dowan
  3561 | D:5      | Killed Duvessa
  3566 | D:5      | Reached skill level 7 in Shapeshifting
  3610 | D:5      | Killed Dowan
  3903 | D:5      | Reached XP level 8. HP: 43/48 MP: 8/8
  4161 | D:5      | Reached skill level 8 in Shapeshifting
  4463 | D:5      | Reached * piety under Wu Jian
  4801 | D:6      | Found a runed translucent gate.
  4802 | D:6      | Found a runed translucent gate.
  4803 | D:6      | Found a runed translucent gate.
  4804 | D:6      | Noticed a kobold demonologist
  4805 | D:6      | Noticed tymior's ghost (novice MfEn)
  5035 | D:6      | Found Onazxesk's Magic Scroll Emporium.
  5038 | D:6      | Reached skill level 9 in Shapeshifting
  5051 | D:6      | Bought a scroll of blinking for 97 gold pieces
  5051 | D:6      | Bought a scroll of fear for 52 gold pieces
  5051 | D:6      | Bought a scroll of fog for 52 gold pieces
  5051 | D:6      | Bought a scroll of identify for 26 gold pieces
  5051 | D:6      | Bought a scroll of revelation for 97 gold pieces
  5051 | D:6      | Bought a scroll of identify for 26 gold pieces
  5051 | D:6      | Bought a scroll of noise for 13 gold pieces
  5106 | D:6      | Noticed Eustachio
  5125 | D:6      | Killed Eustachio
  5487 | D:6      | Found a snail-covered altar of Cheibriados.
  5602 | D:7      | Noticed a hornet
  5612 | D:7      | Paralysed by a hornet for 1 turns
  5630 | D:7      | Killed a hornet
  5631 | D:7      | Reached skill level 10 in Shapeshifting
  5631 | D:7      | Reached XP level 9. HP: 51/53 MP: 4/9
  5785 | D:7      | Found a stormy altar of Qazlal.
  5868 | D:7      | Found a broken altar of Ashenzari.
  5870 | D:7      | Found a shadowy altar of Dithmenos.
  5941 | D:7      | Found a white marble altar of Elyvilon.
  6263 | D:7      | Noticed a troll
  6279 | D:7      | Killed a troll
  6387 | D:7      | Found a burning altar of Makhleb.
  6388 | D:7      | Found a bloodstained altar of Trog.
  6425 | D:7      | Reached ** piety under Wu Jian
  6902 | D:8      | Found a staircase to the Lair.
  7000 | D:8      | Noticed an elephant
  7024 | D:8      | Killed an elephant
  7025 | D:8      | Reached XP level 10. HP: 6/58 MP: 1/10
  7025 | D:8      | HP: 2/69 [basilisk (4)]
  7026 | D:8      | Slain by a basilisk

Illustrated notes

Levels and vault maps discovered:
D:1:      heliophobic_arrival_battle_scene, layout_rooms, minivault_14,
          interstate_on_off, lexackson_kobold_supper
D:2:      layout_rooms, shapermc_ecumenical_altar_hornbeckon
D:3:      layout_loops_cross, lemuel_crystal_altar, st_stairs_1
D:4:      layout_loops_ring, mainiacjoe_overflow_chevrons,
          minmay_temple_entry_stoned_glass, dk_noncrumbling_2,
          minmay_door_square
D:5:      layout_basic, minmay_lizard_king, uniq_duvessa
D:6:      layout_loops_ring, chei_slow_surprise, serial_shops, shop,
          gammafunk_ghost_nasty_kobolds, chequers_serial_rivers_small_b,
          uniq_eustachio
D:7:      layout_rooms, nicolae_qazlal_beasts_of_the_sky,
          nicolae_elyvilon_peaceful_grove, mainiacjoe_overflow_alcove_3
D:8:      layout_gridville, david_lair_generic, kennysheep_generic_room_16
Temple:   minmay_freezing_vapour_temple

Skill      XL: |  1  2  3  4  5  6  7  8  9 |
---------------+----------------------------+-----
Unarmed Combat | 4 5 9 |  9.8
Shapeshifting  | 4 6 7 10 | 10.0
Fighting       | |  1.0
Dodging        | |  2.0

Action                     |  1- 3 |  4- 6 |  7- 9 | 10-12 || total
---------------------------+-------+-------+-------+-------++-------
  Melee: Unarmed           |    77 |    66 |   262 |     1 ||   406
         Constrict         |    18 |    13 |    49 |     1 ||    81
         Tentacles         |    10 |    16 |    26 |       ||    52
         Punch             |     3 |     2 |       |       ||     5
Ability: Begin Untransform |     1 |       |       |       ||     1
         Lunge             |       |     2 |    19 |     1 ||    22
         Whirlwind         |       |       |     5 |       ||     5
  Evoke: Wand              |       |       |     2 |       ||     2
    Use: Scroll            |       |     4 |     8 |       ||    12
         Potion            |       |       |     2 |       ||     2
   Stab: Sleeping          |     6 |     5 |       |       ||    11
         Paralysed         |       |       |     3 |       ||     3
 Armour: Skin              |    42 |    20 |   177 |     2 ||   241
  Dodge: Dodged            |    36 |    30 |   144 |       ||   210
   Form: Beast             |     1 |       |       |       ||     1
         Flux              |       |     1 |       |       ||     1
         Serpent           |       |       |     1 |       ||     1
